 Dungeon Crawl Stone Soup version 0.15-a0-1596-g39358eb (console) character file.

128 Hector the Ruffian (level 4, 0/40 HPs)
             Began as a Troll Transmuter on June 19, 2014.
             Slain by a gnoll
             ... wielding a +0 halberd of chopping
              (2 damage)
             ... on Level 3 of the Dungeon.
             The game lasted 00:06:14 (1738 turns).

Hector the Ruffian (Troll Transmuter)               Turns: 1738, Time: 00:06:14

HP   0/40        AC  6     Str 18      XL: 4   Next: 86%
MP   5/5         EV  9     Int 10      God:
Gold 104         SH  0     Dex 10      Spells:  1 memorised,  6 levels left

rFire  . . .     SeeInvis .       - Unarmed
rCold  . . .     Clarity  .     c - +0 robe
rNeg   . . .     rCorr    +     (shield restricted)
rPois  .         rRot     .     (helmet restricted)
rElec  .         Spirit   .     p - +0 cloak (curse)
SustAb .         Warding  .     (gloves unavailable)
rMut   .         Stasis   .     (boots unavailable)
Gourm  +                        v - amulet of resist corrosion
MR     .....                    (no ring)
                                (no ring)

@: appendage (expiring), not resistant to hostile enchantments, very unstealthy
A: unfitting armour, claws 3, talons 3, fast metabolism 3, gourmand,
regeneration 2, saprovore 2, shaggy fur 1, tough skin 2
a: End Transformation


You were on level 3 of the Dungeon.
You were completely stuffed.
You had grown temporary talons.
You visited 1 branch of the dungeon, and saw 3 of its levels.

You collected 104 gold pieces.

Inventory:

Hand weapons
 l - a +1 dagger of electrocution
Missiles
 b - 12 arrows
 j - 7 silver bolts
 m - 144 stones (quivered)
 n - 46 bolts
Armour
 c - a +0 robe (worn)
 p - a cursed +0 cloak (worn)
Magical devices
 C - a wand of random effects (12)
Comestibles
 a - 5 meat rations
 s - a slice of pizza
 w - 2 beef jerkies
 x - a bread ration
 D - a chunk of worm flesh
Scrolls
 g - 3 scrolls of identify {unknown}
 h - a scroll of random uselessness {unknown}
 i - a scroll of amnesia {unknown}
 k - a scroll of fear {unknown}
 q - a scroll of enchant weapon {unknown}
 r - a scroll of noise {unknown}
 t - 2 scrolls of fog {unknown}
 u - a scroll of immolation {unknown}
 y - a scroll of remove curse {unknown}
Jewellery
 v - an amulet of resist corrosion (around neck)
Potions
 e - a potion of resistance {unknown}
 f - 4 potions of curing {unknown}
 o - 2 potions of restore abilities {unknown}
 z - 2 potions of brilliance {unknown}
 A - 2 potions of berserk rage {unknown}
Books
 d - a book of Changes

   Spells                             Type                      Level
   *Beastly Appendage                 Transmutation                1
   Sticks to Snakes                   Transmutation                2
   Spider Form                        Transmutation/Poison         3
   Ice Form                           Ice/Transmutation            4
   Blade Hands                        Transmutation                5


   Skills:
 - Level 0.7 Fighting
 - Level 1.5 Dodging
 + Level 3.4 Unarmed Combat
 + Level 2.0 Spellcasting
 * Level 3.0 Transmutations


You had 6 spell levels left.
You knew the following spells:

 Your Spells              Type           Power        Failure   Level  Hunger
a - Beastly Appendage     Trmt           #.....       10%         1    ##.....


Dungeon Overview and Level Annotations

Branches:
Dungeon (3/15)

Altars:
Dithmenos
Kikubaaqudgha
Zin

Shops:
D:2 *


Innate Abilities, Weirdness & Mutations

You are too large for most types of armour.
You have claws for hands.
Your metabolism is lightning-fast.
You like to eat raw meat.
You heal very quickly.
You can eat rotten meat.
You are covered in fur (AC +1).
You have very tough skin (AC +2).
You have claws for feet.


Message History

The gnoll is lightly wounded.
The gnoll hits you with a runed halberd.
You closely miss the gnoll. You claw the gnoll.
The gnoll is lightly wounded.
You scratch the gnoll.
The gnoll begins to bleed from its wounds!
You claw the gnoll.
The gnoll is heavily wounded.
The gnoll hits you with a runed halberd!
* * * LOW HITPOINT WARNING * * *
x2 You barely miss the gnoll.
You claw the gnoll, but do no damage.
The gnoll is heavily wounded.
The gnoll closely misses you.
You barely miss the gnoll. Your kick misses the gnoll.
The gnoll is heavily wounded.
You closely miss the gnoll. Your kick misses the gnoll.
The gnoll is heavily wounded.
The gnoll hits you with a runed halberd!
* * * LOW HITPOINT WARNING * * *
You die...

#.# #.... #.# #.###
#.# # #.# #
#####'###### #######
#..........# #......
#..........# #.#####
#....g.....# #.# #
#....@###### #.# #
#.....# #.#####
#.....##########.>.)..
#####....).......#####
#...########## #...#
#..)# #...# #...#


You could see a gnoll (bleeding).

Vanquished Creatures
  An orc wizard (D:3)
  3 gnolls (D:3)
  An adder (D:2)
  A giant mite (D:2)
  4 worms
  An ooze (D:2)
  3 orcs (D:3)
  2 giant cockroaches
  A goblin (D:1)
  2 hobgoblins
  3 jackals (D:2)
  4 kobolds
  5 bats
  6 rats
37 creatures vanquished.

Notes
Turn   | Place    | Note
--------------------------------------------------------------
     0 | D:1      | Hector, the Troll Transmuter, began the quest for the Orb.
     0 | D:1      | Reached XP level 1. HP: 18/18 MP: 2/2
   382 | D:1      | Reached XP level 2. HP: 26/26 MP: 1/2
   767 | D:2      | Reached XP level 3. HP: 29/32 MP: 2/4
   820 | D:2      | Found a shadowy altar of Dithmenos.
   822 | D:2      | Found an ancient bone altar of Kikubaaqudgha.
   953 | D:2      | Found Zin's Purification Station.
   954 | D:2      | Found a glowing silver altar of Zin.
  1407 | D:3      | Reached XP level 4. HP: 35/40 MP: 4/4
  1738 | D:3      | HP: 2/40 [gnoll/runed halberd (8)]
  1738 | D:3      | Slain by a gnoll

Action                   |  1- 3 |  4- 6 || total
-------------------------+-------+-------++-------
Melee: Unarmed           |    72 |    41 ||   113
 Cast: Beastly Appendage |     7 |     4 ||    11
Evoke: Wand              |       |     1 ||     1
 Stab: Sleeping          |     1 |       ||     1
